Map: Cactus Valley LE (Void)

Players

Patcho

  • Race: Zerg Zerg
  • League: Diamond
  • Spawn Location: 5:00

Musumeci - Winner!

  • Race: Zerg Zerg
  • League: Diamond
  • Spawn Location: 1:00

VOD

Have the link to the VOD?

Description

Time

  • Played on: Jan. 29, 2017, 12:47 p.m.
  • Length: 4:17
Show
View Real Time Build Order
Export as new Build Order

Patcho Zerg 

Build Orders: Pool First 

Get SALT Encoding   

  12  0:02  Drone  
  13  0:13  Drone  
  14  0:17  Drone, Extractor  
  14  0:33  Spawning Pool  
  13  0:36  Drone  
  14  0:45  Overlord  
  14  0:53  Drone, Extractor  
  15  1:08  Drone x2  
  15  1:10  Drone  
  18  1:20  Metabolic Boost  
  18  1:28  Queen  
  18  1:31  Zergling x2  
  21  1:35  Zergling x2  
  22  1:55  Hatchery  
  21  2:01  Drone  
  21  2:06  Evolution Chamber  
  21  2:17  Overlord  
  21  2:25  Queen, Extractor  
  23  2:49  Drone x5  
  23  2:50  Drone  
  29  3:28  Drone x5  
  29  3:29  Drone x2  
  29  3:30  Overlord x2  
  36  3:39  Overlord x2  
  36  3:51  Hatchery  
  36  3:52  Zergling x2  
  36  3:53  Zergling x2  
  25  4:13  Baneling Nest  
Show
View Real Time Build Order
Export as new Build Order

Musumeci Zerg - Winner!

Build Orders: Pool First 

Get SALT Encoding   

  13  0:07  Drone  
  13  0:13  Drone  
  14  0:20  Drone, Extractor  
  15  0:23  Overlord  
  15  0:41  Drone x2  
  17  0:52  Spawning Pool  
  17  0:53  Drone  
  17  0:58  Extractor  
  16  1:24  Drone  
  17  1:26  Drone  
  17  1:29  Hatchery  
  17  1:41  Zergling x2  
  17  1:42  Zergling x2  
  19  1:47  Zergling x2  
  19  1:53  Queen  
  21  2:02  Spine Crawler  
  20  2:10  Overlord  
  20  2:19  Metabolic Boost  
  20  2:32  Baneling Nest  
  19  2:40  Zergling x4  
  19  2:43  Zergling x2  
  22  2:56  Zergling x2  
  22  2:57  Zergling x2  
  24  3:17  Drone x5  
  28  3:36  Zergling x6  
  28  3:37  Zergling x2  
  32  3:44  Overlord  
  32  3:53  Baneling x2  
Tags
 
Add a new tag
Caveats
  • Supply blocks, unpowered buildings, or Contaminate may cause inaccurate times.
  • Supply counts are checked every 10 seconds.